Workbook
Name _ftnref1: Orcamento!#REF!
Name _Toc89844996: Orcamento!#REF!
Name _ftn1: Orcamento!$B$10

Sheet Orcamento
B8: Estado do Rio Grande do Sul
B9: MUNICÍPIO DE SÃO VENDELINO
A10: Planilha de Orçamento - Global
C11: Proprietario: Prefeitura Municipal de São Vendelino, CNPJ.: 91.984.492/0001-52 | H11: Área a ser pavimentada CBUQ:[m²] | I11: 3026.62 | J11: Extensão: [m] | L11: 351.86
C12: Obra: Pavimentação Morada da Piedade | E12: Área a ser pavimentada Calçada:[m²] | I12: 369.51 | J12: Largura do C.B.U.Q. = 10,0m e 8,0m
C13: End. Loteamento Morada da Piedade - Piedade, São Vendelino-RS | G13: B.D.I. | H13: B.D.I Diferenciado | I13: Encargos Sociais sobre preco da M.O
G14: 0.2195 | H14: 0.15 | I14: Não Desonerado: 112,88% (hora) 69,79%(mês)
C15: Planilha Orçamentária Sintética Com Valor do Material e da Mão de Obra
A16: Cod. SICRO/SINAPI | B16: Item | C16: Descrição | D16: Und | E16: Quant. | F16: Valor Unit s/ BDI | G16: Valor Unit com BDI | J16: Total | M16: Peso (%)
G17: M. O. | H17: MAT. | I17: Total | J17: M. O. | K17: MAT. | L17: Total
B18: 1 | C18: SERVIÇOS PRELIMINARES | L18: =SUM(L19:L22) -> 6483.3 | M18: =L18/$L$89 -> 0.0056300166
A19: SINAPI 90781 | B19: 1.1 | C19: TOPÓGRAFO COM ENCARGOS SOCIAIS | D19: H | E19: 10 | F19: 37.16 | G19: =ROUND($F19*0.3*(1+$G$14),2) -> 13.59 | H19: =ROUND($F19*0.7*(1+$G$14),2) -> 31.72 | I19: =H19+G19 -> 45.31 | J19: =ROUND(L19*0.3,2) -> 135.93 | K19: =ROUND(L19*0.7,2) -> 317.17 | L19: =ROUND(I19*E19,2) -> 453.1 | M19: =L19/$L$89 -> 0.00039346637
A20: SINAPI 88253 | B20: 1.2 | C20: AUXILIAR DE TOPÓGRAFO COM ENCARGOS SOCIAIS | D20: H | E20: 10 | F20: 17.9 | G20: =ROUND($F20*0.3*(1+$G$14),2) -> 6.55 | H20: =ROUND($F20*0.7*(1+$G$14),2) -> 15.28 | I20: =H20+G20 -> 21.83 | J20: =ROUND(L20*0.3,2) -> 65.49 | K20: =ROUND(L20*0.7,2) -> 152.81 | L20: =ROUND(I20*E20,2) -> 218.3 | M20: =L20/$L$89 -> 0.00018956899
A21: SICRO 5213424 | B21: 1.3 | C21: FORNECIMENTO E INSTALAÇÃO DE PLACA DE OBRA COM CHAPA GALVANIZADA E ESTRUTURA DE MADEIRA - PADRÃO GOVERNO FEDERAL - 300X200 | D21: m² | E21: =2*3 -> 6 | F21: 648.59 | G21: =ROUND($F21*0.3*(1+$G$14),2) -> 237.29 | H21: =ROUND($F21*0.7*(1+$G$14),2) -> 553.67 | I21: =H21+G21 -> 790.96 | J21: =ROUND(L21*0.3,2) -> 1423.73 | K21: =ROUND(L21*0.7,2) -> 3322.03 | L21: =ROUND(I21*E21,2) -> 4745.76 | M21: =L21/$L$89 -> 0.0041211586
A22: SICRO 5502985 | B22: 1.4 | C22: LIMPEZA DO TERRENO. REMOÇÃO MECANIZADA DA CAMADA DE VEGETAÇÃO, REMOÇÃO DE MATERIAL, NIVELAMENTO. | D22: m² | E22: =L11*2*1.5 -> 1055.58 | F22: 0.83 | G22: =ROUND($F22*0.3*(1+$G$14),2) -> 0.3 | H22: =ROUND($F22*0.7*(1+$G$14),2) -> 0.71 | I22: =H22+G22 -> 1.01 | J22: =ROUND(L22*0.3,2) -> 319.84 | K22: =ROUND(L22*0.7,2) -> 746.3 | L22: =ROUND(I22*E22,2) -> 1066.14 | M22: =L22/$L$89 -> 0.00092582264
B24: 2 | C24: MOVIMENTAÇÃO DE TERRA | L24: =SUM(L26:L40) -> 256429.29 | M24: =L24/$L$89 -> 0.22267999
B25: 2.1 | C25: ESCAVAÇÃO DE GREIDE
A26: SICRO 5501875 | B26: 2.1.1 | C26: ESCAVAÇÃO, CARGA E TRASPORTE DE MATERIAL DE 1ª CATEGORIA. DMT DE 50 A 200m. CARRINHO DE SERVIÇO EM LEITO NATURAL - COM CARREGADEIRA E CAMINHÃO BASCULANTE DE 14m³ | D26: m³ | E26: =ROUND(637.87*0.7,4) -> 446.509 | F26: 11.58 | G26: =ROUND($F26*0.3*(1+$G$14),2) -> 4.24 | H26: =ROUND($F26*0.7*(1+$G$14),2) -> 9.89 | I26: =H26+G26 -> 14.13 | J26: =ROUND(L26*0.3,2) -> 1892.75 | K26: =ROUND(L26*0.7,2) -> 4416.42 | L26: =ROUND(I26*E26,2) -> 6309.17 | M26: =L26/$L$89 -> 0.0054788043
A27: SICRO 5502377 | B27: 2.1.2 | C27: ESCAVAÇÃO, CARGA E TRASPORTE DE MATERIAL DE 2ª CATEGORIA. DMT DE 50 A 200m. CARRINHO DE SERVIÇO EM LEITO NATURAL - COM CARREGADEIRA E CAMINHÃO BASCULANTE DE 14m³ | D27: m³ | E27: =ROUND(637.87*0.25,4) -> 159.4675 | F27: 19.6 | G27: =ROUND($F27*0.3*(1+$G$14),2) -> 7.17 | H27: =ROUND($F27*0.7*(1+$G$14),2) -> 16.73 | I27: =H27+G27 -> 23.9 | J27: =ROUND(L27*0.3,2) -> 1143.38 | K27: =ROUND(L27*0.7,2) -> 2667.89 | L27: =ROUND(I27*E27,2) -> 3811.27 | M27: =L27/$L$89 -> 0.0033096592
A28: SICRO 5500991 | B28: 2.1.3 | C28: DESMONTE DE BLOCOS DE ROCHA COM MARTELETE PNEIMÁTICO | D28: m³ | E28: =ROUND(637.87*0.05,4) -> 31.8935 | F28: 184.02 | G28: =ROUND($F28*0.3*(1+$G$14),2) -> 67.32 | H28: =ROUND($F28*0.7*(1+$G$14),2) -> 157.09 | I28: =H28+G28 -> 224.41 | J28: =ROUND(L28*0.3,2) -> 2147.17 | K28: =ROUND(L28*0.7,2) -> 5010.05 | L28: =ROUND(I28*E28,2) -> 7157.22 | M28: =L28/$L$89 -> 0.0062152403
A29: SICRO 5915470 | B29: 2.1.4 | C29: CARGA, MANOBRA E DESCARGA DE AGREGADOS OU SOLOS EM CAMINHÃO DE 6m³ - CARGA COM ESCAVADEIRA DE 1,56m³ E DESCARGA LIVRE | D29: m³ | E29: =ROUND(E28*1.3,4) -> 41.4616 | F29: 2.41 | G29: =ROUND($F29*0.3*(1+$G$14),2) -> 0.88 | H29: =ROUND($F29*0.7*(1+$G$14),2) -> 2.06 | I29: =H29+G29 -> 2.94 | J29: =ROUND(L29*0.3,2) -> 36.57 | K29: =ROUND(L29*0.7,2) -> 85.33 | L29: =ROUND(I29*E29,2) -> 121.9 | M29: =L29/$L$89 -> 0.00010585644
A30: SICRO 5914374 | B30: 2.1.5 | C30: TRASPORTE DO MATERIAL ESCAVADO COM CAMINHÃO BASCULANTE DE 14m³, EM VIA URBANA PAVIMENTADA, DMT 2KM (BOTA FORA PRÓXIMO) - material de 2ª categoria - Volume multiplicado pela DMT | D30: t * 2KM | E30: =ROUND(E27*1.3*2*1.6,4) -> 663.3848 | F30: 1 | G30: =ROUND($F30*0.3*(1+$G$14),2) -> 0.37 | H30: =ROUND($F30*0.7*(1+$G$14),2) -> 0.85 | I30: =H30+G30 -> 1.22 | J30: =ROUND(L30*0.3,2) -> 242.8 | K30: =ROUND(L30*0.7,2) -> 566.53 | L30: =ROUND(I30*E30,2) -> 809.33 | M30: =L30/$L$89 -> 0.00070281205
A31: SICRO 5914374 | B31: 2.1.6 | C31: TRASPORTE DO MATERIAL ESCAVADO COM CAMINHÃO BASCULANTE DE 14m³, EM VIA URBANA PAVIMENTADA, DMT 2KM (BOTA FORA PRÓXIMO) - Volume multiplicado pela DMT - Material de 3ª Categoria | D31: t * 2KM | E31: =ROUND(E28*1.3*2*1.6,4) -> 132.677 | F31: 1 | G31: =ROUND($F31*0.3*(1+$G$14),2) -> 0.37 | H31: =ROUND($F31*0.7*(1+$G$14),2) -> 0.85 | I31: =H31+G31 -> 1.22 | J31: =ROUND(L31*0.3,2) -> 48.56 | K31: =ROUND(L31*0.7,2) -> 113.31 | L31: =ROUND(I31*E31,2) -> 161.87 | M31: =L31/$L$89 -> 0.00014056588
A32: SICRO 4413942 | B32: 2.1.7 | C32: ESPALHAMENTO DE MATERIAL COM TRATOR ESTEIRA (30% Empolamento) | D32: m³ | E32: =(E26+E27+E28)*1.3 -> 829.231 | F32: 2.75 | G32: =ROUND($F32*0.3*(1+$G$14),2) -> 1.01 | H32: =ROUND($F32*0.7*(1+$G$14),2) -> 2.35 | I32: =H32+G32 -> 3.36 | J32: =ROUND(L32*0.3,2) -> 835.87 | K32: =ROUND(L32*0.7,2) -> 1950.35 | L32: =ROUND(I32*E32,2) -> 2786.22 | M32: =L32/$L$89 -> 0.0024195186
B33: 2.2 | C33: REMOÇÃO DE SOLOS INADEQUADOS / REFORÇO DO SUBLEITO
A34: SICRO 5501875 | B34: 2.2.1 | C34: ESCAVAÇÃO, CARGA E TRASPORTE DE MATERIAL DE 1ª CATEGORIA. DMT DE 50 A 200m. CARRINHO DE SERVIÇO EM LEITO NATURAL - COM CARREGADEIRA E CAMINHÃO BASCULANTE DE 14m³ | D34: m³ | E34: =ROUND((1.5+1.5)*0.5*L11,2) -> 527.79 | F34: 11.58 | G34: =ROUND($F34*0.3*(1+$G$14),2) -> 4.24 | H34: =ROUND($F34*0.7*(1+$G$14),2) -> 9.89 | I34: =H34+G34 -> 14.13 | J34: =ROUND(L34*0.3,2) -> 2237.3 | K34: =ROUND(L34*0.7,2) -> 5220.37 | L34: =ROUND(I34*E34,2) -> 7457.67 | M34: =L34/$L$89 -> 0.0064761474
A35: SICRO 4413942 | B35: 2.2.2 | C35: ESPALHAMENTO DE MATERIAL COM TRATOR ESTEIRA (30% Empolamento) | D35: m³ | E35: =ROUND(E34*1.3,4) -> 686.127 | F35: 2.75 | G35: =ROUND($F35*0.3*(1+$G$14),2) -> 1.01 | H35: =ROUND($F35*0.7*(1+$G$14),2) -> 2.35 | I35: =H35+G35 -> 3.36 | J35: =ROUND(L35*0.3,2) -> 691.62 | K35: =ROUND(L35*0.7,2) -> 1613.77 | L35: =ROUND(I35*E35,2) -> 2305.39 | M35: =L35/$L$89 -> 0.0020019718
A36: SICRO 4011279 | B36: 2.2.3 | C36: REATERRO DE MATERIAL REMOVIDO, BASE OU SUB-BASE DE MACADAME SECO COM BRITA COMERCIAL - COMPACTADO 100% PROCTOR NORMAL | D36: m³ | E36: =E34 -> 527.79 | F36: 199.07 | G36: =ROUND($F36*0.3*(1+$G$14),2) -> 72.83 | H36: =ROUND($F36*0.7*(1+$G$14),2) -> 169.94 | I36: =H36+G36 -> 242.77 | J36: =ROUND(L36*0.3,2) -> 38439.47 | K36: =ROUND(L36*0.7,2) -> 89692.11 | L36: =ROUND(I36*E36,2) -> 128131.58 | M36: =L36/$L$89 -> 0.11126786
A37: SICRO 5914374 | B37: 2.2.4 | C37: TRASPORTE DO RACHÃO COM CAMINHãO BASCULANTE DE 14m³, EM VIA URBANA PAVIMENTADA, DMT 26KM (PEDREIRA MAIS PRÁXIMA) - Volume multiplicado pela DMT | D37: t * 26KM | E37: =ROUND(E36*1.3*26*1.6,4) -> 28542.883 | F37: 1 | G37: =ROUND($F37*0.3*(1+$G$14),2) -> 0.37 | H37: =ROUND($F37*0.7*(1+$G$14),2) -> 0.85 | I37: =H37+G37 -> 1.22 | J37: =ROUND(L37*0.3,2) -> 10446.7 | K37: =ROUND(L37*0.7,2) -> 24375.62 | L37: =ROUND(I37*E37,2) -> 34822.32 | M37: =L37/$L$89 -> 0.030239267
B38: 2.3 | C38: ATERRO DE GREIDE
A39: SICRO 4011279 | B39: 2.3.1 | C39: ATERRO DE GREIDE, BASE OU SUB-BASE DE MACADAME SECO COM BRITA COMERCIAL - COMPACTADO 100% PROCTOR NORMAL - Deslocamento de eixo para lado esquerdo | D39: m³ | E39: 202.61 | F39: 199.07 | G39: =ROUND($F39*0.3*(1+$G$14),2) -> 72.83 | H39: =ROUND($F39*0.7*(1+$G$14),2) -> 169.94 | I39: =H39+G39 -> 242.77 | J39: =ROUND(L39*0.3,2) -> 14756.29 | K39: =ROUND(L39*0.7,2) -> 34431.34 | L39: =ROUND(I39*E39,2) -> 49187.63 | M39: =L39/$L$89 -> 0.042713923
A40: SICRO 5914374 | B40: 2.3.2 | C40: TRASPORTE COM CAMINHãO BASCULANTE DE 14m³, EM VIA URBANA PAVIMENTADA, DTM 26KM (pedreira mais próxima) - Volume multiplicado pela DMT - Empolamento 30% | D40: t * 26KM | E40: =ROUND(E39*1.3*26*1.6,4) -> 10957.149 | F40: 1 | G40: =ROUND($F40*0.3*(1+$G$14),2) -> 0.37 | H40: =ROUND($F40*0.7*(1+$G$14),2) -> 0.85 | I40: =H40+G40 -> 1.22 | J40: =ROUND(L40*0.3,2) -> 4010.32 | K40: =ROUND(L40*0.7,2) -> 9357.4 | L40: =ROUND(I40*E40,2) -> 13367.72 | M40: =L40/$L$89 -> 0.011608361
B42: 3 | C42: PAVIMENTAÇÃO | L42: =SUM(L43:L54) -> 604318.95 | M42: =L42/$L$89 -> 0.52478302
A43: SICRO 4011209 | B43: 3.1 | C43: REGULARIZAÇÃO DO SUB-LEITO - - 100% PROCTORINTERMEDIÁRIO | D43: m² | E43: =ROUND((105.87*10)+(245.99*8),4) -> 3026.62 | F43: 1.91 | G43: =ROUND($F43*0.3*(1+$G$14),2) -> 0.7 | H43: =ROUND($F43*0.7*(1+$G$14),2) -> 1.63 | I43: =H43+G43 -> 2.33 | J43: =ROUND(L43*0.3,2) -> 2115.61 | K43: =ROUND(L43*0.7,2) -> 4936.41 | L43: =ROUND(I43*E43,2) -> 7052.02 | M43: =L43/$L$89 -> 0.006123886
A44: SICRO 4011279 | B44: 3.2 | C44: SUB BASE RACHÃO, BASE OU SUB-BASE DE MACADAME SECO COM BRITA COMERCIAL - COMPACTADO 100% PROCTOR NORMAL - E=17cm | D44: m³ | E44: =ROUND(E43*0.17,4) -> 514.5254 | F44: 199.07 | G44: =ROUND($F44*0.3*(1+$G$14),2) -> 72.83 | H44: =ROUND($F44*0.7*(1+$G$14),2) -> 169.94 | I44: =H44+G44 -> 242.77 | J44: =ROUND(L44*0.3,2) -> 37473.4 | K44: =ROUND(L44*0.7,2) -> 87437.93 | L44: =ROUND(I44*E44,2) -> 124911.33 | M44: =L44/$L$89 -> 0.10847144
A45: SICRO 5914374 | B45: 3.3 | C45: TRASPORTE DO RACHÃO COM CAMINHÃO BASCULANTE DE 14m³, EM VIA URBANA PAVIMENTADA, DMT 26KM (PEDREIRA MAIS PRÓXIMA) - Volume multiplicado pela DMT | D45: t * 26KM | E45: =ROUND(E44*1.3*26*1.6,4) -> 27825.534 | F45: 1 | G45: =ROUND($F45*0.3*(1+$G$14),2) -> 0.37 | H45: =ROUND($F45*0.7*(1+$G$14),2) -> 0.85 | I45: =H45+G45 -> 1.22 | J45: =ROUND(L45*0.3,2) -> 10184.15 | K45: =ROUND(L45*0.7,2) -> 23763.01 | L45: =ROUND(I45*E45,2) -> 33947.15 | M45: =L45/$L$89 -> 0.029479281
A46: SICRO 4011276 | B46: 3.4 | C46: BASE DE BRITA GRADUADA, COM BRITA COMERCIAL - 100% PROCTOR MODIFICADO, E=15cm, EXCLUSIVE TRANSPORTE | D46: m³ | E46: =ROUND(E43*0.15,4) -> 453.993 | F46: 237.49 | G46: =ROUND($F46*0.3*(1+$G$14),2) -> 86.89 | H46: =ROUND($F46*0.7*(1+$G$14),2) -> 202.73 | I46: =H46+G46 -> 289.62 | J46: =ROUND(L46*0.3,2) -> 39445.64 | K46: =ROUND(L46*0.7,2) -> 92039.82 | L46: =ROUND(I46*E46,2) -> 131485.45 | M46: =L46/$L$89 -> 0.11418032
A47: SICRO 5914374 | B47: 3.5 | C47: TRASPORTE BRITA GRADUADA CAMINHÃO BASCULANTE DE 14m³, EM VIA URBANA PAVIMENTADA, DMT 26KM (PEDREIRA MAIS PRÓXIMA) - Volume multiplicado prela DMT | D47: t * 26KM | E47: =ROUND(E46*1.3*26*1.6,4) -> 24551.941 | F47: 1 | G47: =ROUND($F47*0.3*(1+$G$14),2) -> 0.37 | H47: =ROUND($F47*0.7*(1+$G$14),2) -> 0.85 | I47: =H47+G47 -> 1.22 | J47: =ROUND(L47*0.3,2) -> 8986.01 | K47: =ROUND(L47*0.7,2) -> 20967.36 | L47: =ROUND(I47*E47,2) -> 29953.37 | M47: =L47/$L$89 -> 0.026011132
A48: SICRO 4011351 | B48: 3.6 | C48: EXECUÇÃO DE IMPRIMAÇÃO DE BASE DE BRITA GRADUADA COM MATERIAL ASFÁLTICO | D48: m² | E48: =E43 -> 3026.62 | F48: 0.61 | G48: =ROUND($F48*0.3*(1+$H$14),2) -> 0.21 | H48: =ROUND($F48*0.7*(1+$H$14),2) -> 0.49 | I48: =H48+G48 -> 0.7 | J48: =ROUND(L48*0.3,2) -> 635.59 | K48: =ROUND(L48*0.7,2) -> 1483.04 | L48: =ROUND(I48*E48,2) -> 2118.63 | M48: =L48/$L$89 -> 0.0018397918
A49: SICRO 4011353 | B49: 3.7 | C49: EXECUÇÃO DE PINTURA DE LIGAÇÃO | D49: m² | E49: =E48 -> 3026.62 | F49: 0.46 | G49: =ROUND($F49*0.3*(1+$H$14),2) -> 0.16 | H49: =ROUND($F49*0.7*(1+$H$14),2) -> 0.37 | I49: =H49+G49 -> 0.53 | J49: =ROUND(L49*0.3,2) -> 481.23 | K49: =ROUND(L49*0.7,2) -> 1122.88 | L49: =ROUND(I49*E49,2) -> 1604.11 | M49: =L49/$L$89 -> 0.0013929891
A50: SICRO 4011463 | B50: 3.8 | C50: CONCRETO BETUMINOSO USINADO A QUENTE (CBUQ), CAP 50/70, E=5cm, EXCLUSIVE TRSPORTE - DENSIDADE 2,6t/m³ | D50: t | E50: =(I11)*0.05*2.6 -> 393.4606 | F50: 190.43 | G50: =ROUND($F50*0.3*(1+$H$14),2) -> 65.7 | H50: =ROUND($F50*0.7*(1+$H$14),2) -> 153.3 | I50: =H50+G50 -> 219 | J50: =ROUND(L50*0.3,2) -> 25850.36 | K50: =ROUND(L50*0.7,2) -> 60317.51 | L50: =ROUND(I50*E50,2) -> 86167.87 | M50: =L50/$L$89 -> 0.074827101
A51: SICRO 5914374 | B51: 3.9 | C51: TRASPORTE DO CBUQ COM CAMINHÃO BASCULANTE DE 14m³, EM VIA URBANA PAVIMENTADA, DTM 26KM (PEDREIRA MAIS PRÓXIMA) - Volume multiplicado pela DMT | D51: t * 26KM | E51: =E50*26 -> 10229.976 | F51: 1 | G51: =ROUND($F51*0.3*(1+$H$14),2) -> 0.35 | H51: =ROUND($F51*0.7*(1+$H$14),2) -> 0.81 | I51: =H51+G51 -> 1.16 | J51: =ROUND(L51*0.3,2) -> 3560.03 | K51: =ROUND(L51*0.7,2) -> 8306.74 | L51: =ROUND(I51*E51,2) -> 11866.77 | M51: =L51/$L$89 -> 0.010304955
A52: ANP AGO/2025 | B52: 3.10 | C52: RR-2C - SEM BDI - ACRESCIDO DE ICMS + PIS + COFINS + 26,25% - BDI 15% | D52: t | E52: =ROUND(E49*0.6/1000,4) -> 1.816 | F52: 4118.95 | G52: =ROUND($F52*0.3*(1+$H$14),2) -> 1421.04 | H52: =ROUND($F52*0.7*(1+$H$14),2) -> 3315.75 | I52: =H52+G52 -> 4736.79 | J52: =ROUND(L52*0.3,2) -> 2580.6 | K52: =ROUND(L52*0.7,2) -> 6021.41 | L52: =ROUND(I52*E52,2) -> 8602.01 | M52: =L52/$L$89 -> 0.0074698779
A53: ANP AGO/2025 | B53: 3.11 | C53: CM-30 - SEM BDI - ACRESCIDO DE ICMS + PIS + COFINS + 26,25% - BDI 15% | D53: t | E53: =ROUND(E48*1.2/1000,4) -> 3.6319 | F53: 6586.11 | G53: =ROUND($F53*0.3*(1+$H$14),2) -> 2272.21 | H53: =ROUND($F53*0.7*(1+$H$14),2) -> 5301.82 | I53: =H53+G53 -> 7574.03 | J53: =ROUND(L53*0.3,2) -> 8252.44 | K53: =ROUND(L53*0.7,2) -> 19255.68 | L53: =ROUND(I53*E53,2) -> 27508.12 | M53: =L53/$L$89 -> 0.023887707
A54: ANP AGO/2025 | B54: 3.12 | C54: CAP 50/70 - SEM BDI - ACRESCIDO DE ICMS + PIS + COFINS + 26,25% - BDI 15% | D54: t | E54: =ROUND(E50*0.06,4) -> 23.6076 | F54: 5123.7 | G54: =ROUND($F54*0.3*(1+$H$14),2) -> 1767.68 | H54: =ROUND($F54*0.7*(1+$H$14),2) -> 4124.58 | I54: =H54+G54 -> 5892.26 | J54: =ROUND(L54*0.3,2) -> 41730.64 | K54: =ROUND(L54*0.7,2) -> 97371.48 | L54: =ROUND(I54*E54,2) -> 139102.12 | M54: =L54/$L$89 -> 0.12079454
B56: 4 | C56: DRENAGEM DE ÁGUAS PLUVIAIS E ENTRADAS MORADORES | L56: =SUM(L57:L69) -> 190149.65 | M56: =L56/$L$89 -> 0.16512358
A57: SICRO 5501875 | B57: 4.1 | C57: ESCAVAÇÃO, CARGA E TRASPORTE DE MATERIAL DE 1ª CATEGORIA. DMT DE 50 A 200m. CARRINHO DE SERVIÇO EM LEITO NATURAL - COM CARREGADEIRA E CAMINHÃO BASCULANTE DE 14m³ | D57: m³ | E57: =ROUND(245*0.75,4) -> 183.75 | F57: 11.58 | G57: =ROUND($F57*0.3*(1+$G$14),2) -> 4.24 | H57: =ROUND($F57*0.7*(1+$G$14),2) -> 9.89 | I57: =H57+G57 -> 14.13 | J57: =ROUND(L57*0.3,2) -> 778.92 | K57: =ROUND(L57*0.7,2) -> 1817.47 | L57: =ROUND(I57*E57,2) -> 2596.39 | M57: =L57/$L$89 -> 0.0022546726
A58: SICRO 5502377 | B58: 4.2 | C58: ESCAVAÇÃO, CARGA E TRASPORTE DE MATERIAL DE 2ª CATEGORIA. DMT DE 50 A 200m. CARRINHO DE SERVIÇO EM LEITO NATURAL - COM CARREGADEIRA E CAMINHÃO BASCULANTE DE 14m³ | D58: m³ | E58: =ROUND(245*0.15,4) -> 36.75 | F58: 19.6 | G58: =ROUND($F58*0.3*(1+$G$14),2) -> 7.17 | H58: =ROUND($F58*0.7*(1+$G$14),2) -> 16.73 | I58: =H58+G58 -> 23.9 | J58: =ROUND(L58*0.3,2) -> 263.5 | K58: =ROUND(L58*0.7,2) -> 614.83 | L58: =ROUND(I58*E58,2) -> 878.33 | M58: =L58/$L$89 -> 0.00076273079
A59: SICRO 5500991 | B59: 4.3 | C59: DESMONTE DE BLOCOS DE ROCHA COM MARTELETE PNEIMÁTICO | D59: m³ | E59: =ROUND(245*0.1,4) -> 24.5 | F59: 184.02 | G59: =ROUND($F59*0.3*(1+$G$14),2) -> 67.32 | H59: =ROUND($F59*0.7*(1+$G$14),2) -> 157.09 | I59: =H59+G59 -> 224.41 | J59: =ROUND(L59*0.3,2) -> 1649.42 | K59: =ROUND(L59*0.7,2) -> 3848.64 | L59: =ROUND(I59*E59,2) -> 5498.05 | M59: =L59/$L$89 -> 0.0047744379
A60: SICRO 5915470 | B60: 4.4 | C60: CARGA, MANOBRA E DESCARGA DE AGREGADOS OU SOLOS EM CAMINHÃO DE 6m³ - CARGA COM ESCAVADEIRA DE 1,56m³ E DESCARGA LIVRE | D60: m³ | E60: =ROUND(E59*1.3,4) -> 31.85 | F60: 2.41 | G60: =ROUND($F60*0.3*(1+$G$14),2) -> 0.88 | H60: =ROUND($F60*0.7*(1+$G$14),2) -> 2.06 | I60: =H60+G60 -> 2.94 | J60: =ROUND(L60*0.3,2) -> 28.09 | K60: =ROUND(L60*0.7,2) -> 65.55 | L60: =ROUND(I60*E60,2) -> 93.64 | M60: =L60/$L$89 -> 8.1315805e-05
A61: SICRO 5914374 | B61: 4.5 | C61: TRASPORTE DO MATERIAL ESCAVADO COM CAMINHÃO BASCULANTE DE 14m³, EM VIA URBANA PAVIMENTADA, DMT 2KM (BOTA FORA PRÓXIMO) - material de 2ª categoria - Volume multiplicado pela DMT | D61: t * 2KM | E61: =ROUND(E58*1.3*2*1.6,4) -> 152.88 | F61: 1 | G61: =ROUND($F61*0.3*(1+$G$14),2) -> 0.37 | H61: =ROUND($F61*0.7*(1+$G$14),2) -> 0.85 | I61: =H61+G61 -> 1.22 | J61: =ROUND(L61*0.3,2) -> 55.95 | K61: =ROUND(L61*0.7,2) -> 130.56 | L61: =ROUND(I61*E61,2) -> 186.51 | M61: =L61/$L$89 -> 0.00016196295
A62: SICRO 5914374 | B62: 4.6 | C62: TRASPORTE DO MATERIAL ESCAVADO COM CAMINHÃO BASCULANTE DE 14m³, EM VIA URBANA PAVIMENTADA, DMT 2KM (BOTA FORA PRÓXIMO) - Volume multiplicado pela DMT - Material de 3ª Categoria | D62: T * 2KM | E62: =ROUND(E59*1.3*2*1.6,4) -> 101.92 | F62: 1 | G62: =ROUND($F62*0.3*(1+$G$14),2) -> 0.37 | H62: =ROUND($F62*0.7*(1+$G$14),2) -> 0.85 | I62: =H62+G62 -> 1.22 | J62: =ROUND(L62*0.3,2) -> 37.3 | K62: =ROUND(L62*0.7,2) -> 87.04 | L62: =ROUND(I62*E62,2) -> 124.34 | M62: =L62/$L$89 -> 0.0001079753
A63: SINAPI 97953 | B63: 4.7 | C63: CAIXA BOCA DE LOBO COM GRELHA SIMPLES RETANGULAR, EM ALVENARIA COM BLOCOS DE CONCRETO, DIMENSÕES INTERNAS 0,5m X1,0m | D63: unid. | E63: 21 | F63: 1491.5 | G63: =ROUND($F63*0.3*(1+$G$14),2) -> 545.67 | H63: =ROUND($F63*0.7*(1+$G$14),2) -> 1273.22 | I63: =H63+G63 -> 1818.89 | J63: =ROUND(L63*0.3,2) -> 11459.01 | K63: =ROUND(L63*0.7,2) -> 26737.68 | L63: =ROUND(I63*E63,2) -> 38196.69 | M63: =L63/$L$89 -> 0.033169528
A64: SINAPI 95566 | B64: 4.8 | C64: TUBO DE CONCRETO SIMPLES - PS1 - PARA REDES COLETORAS DE ESGOTO PLUVIAL, DN 300mm, JUNTA ELÁSTICA, INSTALADO EM LOCAL COM BAIXO NÍVEL DE INTERFERÊNCIA - FORNECIMENTO E ASSENTAMENTO | D64: m | E64: 21 | F64: 148.61 | G64: =ROUND($F64*0.3*(1+$G$14),2) -> 54.37 | H64: =ROUND($F64*0.7*(1+$G$14),2) -> 126.86 | I64: =H64+G64 -> 181.23 | J64: =ROUND(L64*0.3,2) -> 1141.75 | K64: =ROUND(L64*0.7,2) -> 2664.08 | L64: =ROUND(I64*E64,2) -> 3805.83 | M64: =L64/$L$89 -> 0.0033049352
A65: SINAPI 92219 | B65: 4.9 | C65: TUBO DE CONCRETO SIMPLES - PS1 - PARA REDES COLETORAS DE ESGOTO PLUVIAL, DN 400mm, JUNTA ELÁSTICA, INSTALADO EM LOCAL COM BAIXO NÍVEL DE INTERFERÊNCIA - FORNECIMENTO E ASSENTAMENTO | D65: m | E65: 106 | F65: 175.18 | G65: =ROUND($F65*0.3*(1+$G$14),2) -> 64.09 | H65: =ROUND($F65*0.7*(1+$G$14),2) -> 149.54 | I65: =H65+G65 -> 213.63 | J65: =ROUND(L65*0.3,2) -> 6793.43 | K65: =ROUND(L65*0.7,2) -> 15851.35 | L65: =ROUND(I65*E65,2) -> 22644.78 | M65: =L65/$L$89 -> 0.019664444
A66: SICRO 804020 | B66: 4.10 | C66: TUBO DE CONCRETO ARMADO - PA2 - PARA REDES COLETORAS DE ESGOTO PLUVIAL, DN 600mm, JUNTA ELÁSTICA, INSTALADO EM LOCAL COM BAIXO NÍVEL DE INTERFERÊNCIA - FORNECIMENTO E ASSENTAMENTO | D66: m | E66: =11+22 -> 33 | F66: 434.12 | G66: =ROUND($F66*0.3*(1+$G$14),2) -> 158.82 | H66: =ROUND($F66*0.7*(1+$G$14),2) -> 370.59 | I66: =H66+G66 -> 529.41 | J66: =ROUND(L66*0.3,2) -> 5241.16 | K66: =ROUND(L66*0.7,2) -> 12229.37 | L66: =ROUND(I66*E66,2) -> 17470.53 | M66: =L66/$L$89 -> 0.01517119
A67: SICRO 804031 | B67: 4.11 | C67: TUBO DE CONCRETO PARA REDE DE COLETA DE ÁGUAS PLUVIAIS, DIAMENTRO 800mm PA2, FORNECIMENTO E ASSENTAMENTO | D67: m | E67: 106 | F67: 710.38 | G67: =ROUND($F67*0.3*(1+$G$14),2) -> 259.89 | H67: =ROUND($F67*0.7*(1+$G$14),2) -> 606.42 | I67: =H67+G67 -> 866.31 | J67: =ROUND(L67*0.3,2) -> 27548.66 | K67: =ROUND(L67*0.7,2) -> 64280.2 | L67: =ROUND(I67*E67,2) -> 91828.86 | M67: =L67/$L$89 -> 0.079743034
A68: SICRO 4413942 | B68: 4.12 | C68: ESPALHAMENTO DE MATERIAL COM TRATOR ESTEIRA EM BOTA FORA | D68: m³ | E68: =E57+E58+E59 -> 245 | F68: 2.75 | G68: =ROUND($F68*0.3*(1+$G$14),2) -> 1.01 | H68: =ROUND($F68*0.7*(1+$G$14),2) -> 2.35 | I68: =H68+G68 -> 3.36 | J68: =ROUND(L68*0.3,2) -> 246.96 | K68: =ROUND(L68*0.7,2) -> 576.24 | L68: =ROUND(I68*E68,2) -> 823.2 | M68: =L68/$L$89 -> 0.00071485659
A69: SICRO 4815671 | B69: 4.13 | C69: REATERRO MECANIZADO DE VALA COM SOLO DE 1ª CATEGORIA | D69: m³ | E69: =E57+E58+E59 -> 245 | F69: 20.09 | G69: =ROUND($F69*0.3*(1+$G$14),2) -> 7.35 | H69: =ROUND($F69*0.7*(1+$G$14),2) -> 17.15 | I69: =H69+G69 -> 24.5 | J69: =ROUND(L69*0.3,2) -> 1800.75 | K69: =ROUND(L69*0.7,2) -> 4201.75 | L69: =ROUND(I69*E69,2) -> 6002.5 | M69: =L69/$L$89 -> 0.0052124959
B71: 5 | C71: CALÇADA DE PASSEIO E RAMPAS DE ACESSIBILIDADE | L71: =SUM(L72:L76) -> 83787.76 | M71: =L71/$L$89 -> 0.072760243
A72: 94273 | B72: 5.1 | C72: ASSENTAMENTO DE GUIA (MEIO-FIO), EM TRECHO RETO, CONFECCIONADO COM CONCRETO PRÉ FABRICADO, DIMENSÕES 100X15/13X30cm (Comprimento * Largura inferior / Largura Superior * altura) | D72: m | E72: 708 | F72: 46.85 | G72: =ROUND($F72*0.3*(1+$G$14),2) -> 17.14 | H72: =ROUND($F72*0.7*(1+$G$14),2) -> 39.99 | I72: =H72+G72 -> 57.13 | J72: =ROUND(L72*0.3,2) -> 12134.41 | K72: =ROUND(L72*0.7,2) -> 28313.63 | L72: =ROUND(I72*E72,2) -> 40448.04 | M72: =L72/$L$89 -> 0.035124572
A73: 104626 | B73: 5.2 | C73: EXECUÇÃO DE PASSEIO (CALÇADA) OU PISO DE CONCRETO MOLDADO IN LOCO, CONCRETO USINADO C25, ACABAMENTO REGOADO, LISO, COM CAIMENTO PARA A RUA, 5cm DE ESPESSURA, CORTADO (JUNTAS DE DILATAÇÃO) A CADA 4m. | D73: m³ | E73: =ROUND(I12*0.05,4) -> 18.4755 | F73: 799.34 | G73: =ROUND($F73*0.3*(1+$G$14),2) -> 292.44 | H73: =ROUND($F73*0.7*(1+$G$14),2) -> 682.36 | I73: =H73+G73 -> 974.8 | J73: =ROUND(L73*0.3,2) -> 5402.98 | K73: =ROUND(L73*0.7,2) -> 12606.94 | L73: =ROUND(I73*E73,2) -> 18009.92 | M73: =L73/$L$89 -> 0.015639589
A74: 104658 | B74: 5.3 | C74: PISO PODOTÁTIL DIRECIONAL, DE CONCRETO, COR VERMELHA, ASSENTADO SOBRE ARGAMASSA, EM CONFORMIDADE COM ABNT NBR 16537/2025 | D74: m² | E74: =232*0.25 -> 58 | F74: 148.66 | G74: =ROUND($F74*0.3*(1+$G$14),2) -> 54.39 | H74: =ROUND($F74*0.7*(1+$G$14),2) -> 126.9 | I74: =H74+G74 -> 181.29 | J74: =ROUND(L74*0.3,2) -> 3154.45 | K74: =ROUND(L74*0.7,2) -> 7360.37 | L74: =ROUND(I74*E74,2) -> 10514.82 | M74: =L74/$L$89 -> 0.0091309382
A75: 105002 | B75: 5.4 | C75: RAMPA DE ACESSIBILIDADE EM CONCRETO MOLDADO IN LOCO, EM CALÇADA, FCL=25MPA, INCLUÍDO PISO PODOTÁTIL DE ALERTA, CONFORME ABNT NBR 16537/2025 | D75: UNIDADE | E75: 2 | F75: 725.19 | G75: =ROUND($F75*0.3*(1+$G$14),2) -> 265.31 | H75: =ROUND($F75*0.7*(1+$G$14),2) -> 619.06 | I75: =H75+G75 -> 884.37 | J75: =ROUND(L75*0.3,2) -> 530.62 | K75: =ROUND(L75*0.7,2) -> 1238.12 | L75: =ROUND(I75*E75,2) -> 1768.74 | M75: =L75/$L$89 -> 0.0015359517
A76: COMP 3 | B76: 5.5 | C76: DETALHE EM CALÇADA DE PASSEIO, EXECUTADA EM PEDRA NATURAL DE BASALTO SERRADO, 10cm X 10cm, ASSENTADO COM ARGAMASSA, REJUNTADO COM ARGAMASSA | D76: m² | E76: =ROUND((96+105+31.09)*2*0.1,4) -> 46.418 | F76: 230.47 | G76: =ROUND($F76*0.3*(1+$G$14),2) -> 84.32 | H76: =ROUND($F76*0.7*(1+$G$14),2) -> 196.74 | I76: =H76+G76 -> 281.06 | J76: =ROUND(L76*0.3,2) -> 3913.87 | K76: =ROUND(L76*0.7,2) -> 9132.37 | L76: =ROUND(I76*E76,2) -> 13046.24 | M76: =L76/$L$89 -> 0.011329192
B78: 6 | C78: SINALIZAÇÃO VIÁRIA | L78: =SUM(L79:L86) -> 10390.7 | M78: =L78/$L$89 -> 0.0090231539
A79: SICRO 5213401 | B79: 6.1 | C79: PINTURA DE EIXO VIÁRIO, COM TINTA RETROREFLETIVA, EIXO SIMPLES COM 15cm DE LARGURA | D79: m² | E79: =ROUND((L11*0.15),4) -> 52.779 | F79: 6.25 | G79: =ROUND($F79*0.3*(1+$G$14),2) -> 2.29 | H79: =ROUND($F79*0.7*(1+$G$14),2) -> 5.34 | I79: =H79+G79 -> 7.63 | J79: =ROUND(L79*0.3,2) -> 120.81 | K79: =ROUND(L79*0.7,2) -> 281.89 | L79: =ROUND(I79*E79,2) -> 402.7 | M79: =L79/$L$89 -> 0.00034969964
A80: SINAPI 102498 | B80: 6.2 | C80: PINTURA DE MEIO-FIO COM TINTA BRANCA A BASE DE CAL (CAIÇÃO) | D80: m | E80: 708 | F80: 1.75 | G80: =ROUND($F80*0.3*(1+$G$14),2) -> 0.64 | H80: =ROUND($F80*0.7*(1+$G$14),2) -> 1.49 | I80: =H80+G80 -> 2.13 | J80: =ROUND(L80*0.3,2) -> 452.41 | K80: =ROUND(L80*0.7,2) -> 1055.63 | L80: =ROUND(I80*E80,2) -> 1508.04 | M80: =L80/$L$89 -> 0.0013095631
A81: SINAPI 102509 | B81: 6.3 | C81: Prestação de serviço de sinalização horizontal Manual de Faixas de Segurança, com Tinta Demarcatória à base de Metil Metacrilato Mono Componente CE-ET-SH 14 ABNT NBR 15438/2020 na cor branca, amarela, azul, vermelha e preta, espessura 0,6mm e adicionamente de microesferas de vidro tipo I e II conforme Termo de Referência. 3 UN - (0,40 X 1,6 X 8) * 2 + (0,40 x 1,6 x 10) * 1 | D81: m² | E81: =ROUND((0.4*1.6*8)*2+(0.4*1.6*10),4) -> 16.64 | F81: 30.14 | G81: =ROUND($F81*0.3*(1+$G$14),2) -> 11.03 | H81: =ROUND($F81*0.7*(1+$G$14),2) -> 25.73 | I81: =H81+G81 -> 36.76 | J81: =ROUND(L81*0.3,2) -> 183.51 | K81: =ROUND(L81*0.7,2) -> 428.18 | L81: =ROUND(I81*E81,2) -> 611.69 | M81: =L81/$L$89 -> 0.00053118395
A82: SICRO 5213440 | B82: 6.4 | C82: FORNECIMENTO E IPLANTAÇÃO DE PLACA DE REGULAMENTAÇÃO EM AÇO, R-1, SEXTAVADA, LADOS 35cm - PARE | D82: UN | E82: 1 | F82: 287.31 | G82: =ROUND($F82*0.3*(1+$G$14),2) -> 105.11 | H82: =ROUND($F82*0.7*(1+$G$14),2) -> 245.26 | I82: =H82+G82 -> 350.37 | J82: =ROUND(L82*0.3,2) -> 105.11 | K82: =ROUND(L82*0.7,2) -> 245.26 | L82: =ROUND(I82*E82,2) -> 350.37 | M82: =L82/$L$89 -> 0.00030425693
A83: SICRO 5213440 | B83: 6.5 | C83: FORNECIMENTO E IPLANTAÇÃO DE PLACA DE REGULAMENTAÇÃO EM AÇO, A-32B, RETANGULAR, LADOS 50cm DE LADO - FAIXA DE SEGURANÇA | D83: UN | E83: 4 | F83: 287.31 | G83: =ROUND($F83*0.3*(1+$G$14),2) -> 105.11 | H83: =ROUND($F83*0.7*(1+$G$14),2) -> 245.26 | I83: =H83+G83 -> 350.37 | J83: =ROUND(L83*0.3,2) -> 420.44 | K83: =ROUND(L83*0.7,2) -> 981.04 | L83: =ROUND(I83*E83,2) -> 1401.48 | M83: =L83/$L$89 -> 0.0012170277
A84: SICRO 5213440 | B84: 6.6 | C84: FORNECIMENTO E IPLANTAÇÃO DE PLACA DE REGULAMENTAÇÃO EM AÇO, R-19, REDONDA, DIÂMETRO 50CM - VELOCIDADE MÁXIMA 40KM/H | D84: UN | E84: 2 | F84: 287.31 | G84: =ROUND($F84*0.3*(1+$G$14),2) -> 105.11 | H84: =ROUND($F84*0.7*(1+$G$14),2) -> 245.26 | I84: =H84+G84 -> 350.37 | J84: =ROUND(L84*0.3,2) -> 210.22 | K84: =ROUND(L84*0.7,2) -> 490.52 | L84: =ROUND(I84*E84,2) -> 700.74 | M84: =L84/$L$89 -> 0.00060851385
A85: SICRO 5213570 | B85: 6.7 | C85: FORNECIMENTO E IMPLANTAÇÃO DE PLACA COM INDICAÇÃO DO NOME DE RUAS (2 RUAS) | D85: UN | E85: 1 | F85: 462.88 | G85: =ROUND($F85*0.3*(1+$G$14),2) -> 169.34 | H85: =ROUND($F85*0.7*(1+$G$14),2) -> 395.14 | I85: =H85+G85 -> 564.48 | J85: =ROUND(L85*0.3,2) -> 169.34 | K85: =ROUND(L85*0.7,2) -> 395.14 | L85: =ROUND(I85*E85,2) -> 564.48 | M85: =L85/$L$89 -> 0.00049018737
A86: SICRO 5213863 | B86: 6.8 | C86: SUPORTE METÁLICO GALVANIZADO PARA PLACA DE REGULAMENTAÇÃO | D86: UN | E86: =E82+E83+E84+E85 -> 8 | F86: 497.25 | G86: =ROUND($F86*0.3*(1+$G$14),2) -> 181.92 | H86: =ROUND($F86*0.7*(1+$G$14),2) -> 424.48 | I86: =H86+G86 -> 606.4 | J86: =ROUND(L86*0.3,2) -> 1455.36 | K86: =ROUND(L86*0.7,2) -> 3395.84 | L86: =ROUND(I86*E86,2) -> 4851.2 | M86: =L86/$L$89 -> 0.0042127214
I89: Totais -> | J89: =SUM(J19:J88) -> 345467.92 | K89: =SUM(K19:K88) -> 806091.76 | L89: =L18+L24+L42+L56+L71+L78 -> 1151559.6 | M89: =M18+M24+M42+M56+M78+M71 -> 1
J90: M.O. | K90: Material | L90: Total
B92: Valores atualizados na data do orçamento
C95: São Vendelino - RS, 24 de MARÇO de 2026.
D98: EVERSON SERGIO KERBES
D99: CREA-RS 124.620
B102: SICRO - OUTUBRO/2025
B103: SINAPI - JANEIRO/2026
B105: OBS.:
B106: B.D.I. DIFERENCIADO. De acordo com Instrução Normativa 062/DNIT Art. 3º, §1º, deve ser aplicado B.D.I. Difertenciado
B107: nos produtos relacionados a aquisição e transporte de materiais betuminosos, com isso o B.D.I. diferenciado foi aplicado
B108: aos itens 3.6, 3.7, 3.8, 3.9, 3,10, 3,11 E 3,12.

Sheet Orcamento Resumo
B7: Estado do Rio Grande do Sul
B8: MUNICÍPIO DE SÃO VENDELINO
B9: Proprietario: Prefeitura Municipal de São Vendelino - RS
B10: Obra: Pavimentação Asfaltica Morro Carrard
B11: End. Morro Carrard - Interior - RS
B12: PLANILHA DE ORÇAMENTO RESUMO
C13: DESCRIÇÃO ATIVIDADE | G13: Valor
B14: =Orcamento!B18 -> 1 | C14: =Orcamento!C18 -> SERVIÇOS PRELIMINARES | G14: =Orcamento!L18 -> 6483.3
B15: =Orcamento!B24 -> 2 | C15: =Orcamento!C24 -> MOVIMENTAÇÃO DE TERRA | G15: =Orcamento!L24 -> 256429.29
B16: =Orcamento!B42 -> 3 | C16: =Orcamento!C42 -> PAVIMENTAÇÃO | G16: =Orcamento!L42 -> 604318.95
B17: =Orcamento!B56 -> 4 | C17: =Orcamento!C56 -> DRENAGEM DE ÁGUAS PLUVIAIS E ENTRADAS MORADORES | G17: =Orcamento!L56 -> 190149.65
B18: =Orcamento!B71 -> 5 | C18: =Orcamento!C71 -> CALÇADA DE PASSEIO E RAMPAS DE ACESSIBILIDADE | G18: =Orcamento!L71 -> 83787.76
B19: =Orcamento!B78 -> 6 | C19: =Orcamento!C78 -> SINALIZAÇÃO VIÁRIA | G19: =Orcamento!L78 -> 10390.7
C20: TOTAL | G20: =SUM(G14:G19) -> 1151559.6
B24: São Vendelino-RS, 08 de janeiro de 2026.
D26: EVERSON SERGIO KERBES
D27: ENGENHEIRO CIVIL
D28: CREA/RS 124.620

Sheet Cronograma
B13: Estado do Rio Grande do Sul
B14: MUNICÍPIO DE SÃO VENDELINO
B15: Proprietario: Prefeitura Municipal de SÃO VENDELINO - RS
B16: Obra: Pavimentação Morada da Piedade
B17: End. Loteamento Morada da Piedade - Piedade, São Vendelino-RS
B18: CRONOGRAMA FÍSICO-FINANCEIRO
B21: ITEM | C21: DESCRIÇÃO | D21: Total Servico | E21: PARCELA 1 | F21: % Acum | G21: PARCELA 2 | H21: % Acum | I21: PARCELA 3 | J21: % Acum
B22: 1. | C22: =Orcamento!$C$18 -> SERVIÇOS PRELIMINARES | D22: =Orcamento!L18 -> 6483.3 | E22: =E23*D22 -> 6483.3 | G22: =G23*D22 -> 0 | I22: =I23*D22 -> 0
D23: =D22/$D$34 -> 0.0056300166 | E23: 1 | F23: =E23 -> 1 | H23: =G23+E23 -> 1 | J23: =I23+H23 -> 1
B24: 2. | C24: =Orcamento!$C$24 -> MOVIMENTAÇÃO DE TERRA | D24: =Orcamento!L24 -> 256429.29 | E24: =E25*D24 -> 153857.57 | G24: =G25*D24 -> 102571.72 | I24: =I25*D24 -> 0
D25: =D24/$D$34 -> 0.22267999 | E25: 0.6 | F25: =E25 -> 0.6 | G25: 0.4 | H25: =G25+E25 -> 1 | I25: 0 | J25: =I25+H25 -> 1
B26: 3. | C26: =Orcamento!$C$42 -> PAVIMENTAÇÃO | D26: =Orcamento!L42 -> 604318.95 | E26: =E27*D26 -> 0 | G26: =G27*D26 -> 90647.842 | I26: =I27*D26 -> 513671.11
D27: =D26/$D$34 -> 0.52478302 | F27: =E27 | G27: 0.15 | H27: =G27+E27 -> 0.15 | I27: 0.85 | J27: =I27+H27 -> 1
B28: 4. | C28: =Orcamento!$C$56 -> DRENAGEM DE ÁGUAS PLUVIAIS E ENTRADAS MORADORES | D28: =Orcamento!L56 -> 190149.65 | E28: =E29*D28 -> 114089.79 | G28: =G29*D28 -> 76059.86 | I28: =I29*D28 -> 0
D29: =D28/$D$34 -> 0.16512358 | E29: 0.6 | F29: =E29 -> 0.6 | G29: 0.4 | H29: =G29+E29 -> 1 | I29: 0 | J29: =I29+H29 -> 1
B30: 5. | C30: =Orcamento!C71 -> CALÇADA DE PASSEIO E RAMPAS DE ACESSIBILIDADE | D30: =Orcamento!L71 -> 83787.76 | E30: =E31*D30 -> 0 | G30: =G31*D30 -> 41893.88 | I30: =I31*D30 -> 41893.88
D31: =D30/$D$34 -> 0.072760243 | F31: =E31 | G31: 0.5 | H31: =G31+E31 -> 0.5 | I31: 0.5 | J31: =I31+H31 -> 1
B32: 6. | C32: =Orcamento!$C$78 -> SINALIZAÇÃO VIÁRIA | D32: =Orcamento!L78 -> 10390.7 | E32: =E33*D32 -> 0 | G32: =G33*D32 -> 0 | I32: =I33*D32 -> 10390.7
D33: =D32/$D$34 -> 0.0090231539 | F33: =E33 | H33: =G33+E33 -> 0 | I33: 1 | J33: =I33+H33 -> 1
B34: TOTAL | D34: =D22+D24+D26+D28+D32+D30 -> 1151559.6 | E34: =E22+E24+E26+E28+E32+E30 -> 274430.66 | G34: =G22+G24+G26+G28+G32+G30 -> 311173.3 | I34: =I22+I24+I26+I28+I32+I30 -> 565955.69
D35: =D23+D25+D27+D29+D33 -> 0.92723976 | E35: =E34/$D$34 -> 0.23831216 | F35: =E35 -> 0.23831216 | G35: =G34/$D$34 -> 0.270219 | H35: =G35+F35 -> 0.50853116 | I35: =I34/$D$34 -> 0.49146884 | J35: =I35+H35 -> 1
C38: São Vendelino-RS, 24 de março de 2026.
E40: EVERSON SERGIO KERBES
E41: ENGENHEIRO CIVIL
E42: CREA/RS 124.620

Sheet Composições
A1: Estado do Rio Grande do Sul
A2: MUNICÍPIO DE SÃO VENDELINO
A4: Coposições
I5: ANP - OUT/23 | J5: ICMS | K5: PIS | L5: COFINS | M5: TOTAL
I6: 2.6346091 | J6: 0.2 | K6: 0.0165 | L6: 0.076 | M6: 0.2925
A7: CP1 | B7: EXECUÇÃO DE IMPRIMAÇÃO COM MATERIAL ASFÁLTICO | J7: 18% ICMS + 2% Fundo de Erradicação da Pobreza
A8: Item | B8: Referência | D8: Seviços | E8: Und | F8: Quant | G8: Custo R$ | J8: Nota nº 05/2021 nº 01 do SINAPI
G9: Unit. | H9: Total
A10: 1 | B10: SINAPI | C10: 5839 | D10: VASSOURA MECÂNICA REBOCÁVEL COM ESCOVA CILÍNDRICA, LARGURA ÚTIL DE VARRIMENTO DE 2,44 M (PRODUTIVO) | E10: h | F10: 0.002 | G10: 11.41 | H10: 0.02
A11: 2 | B11: SINAPI | C11: 5841 | D11: VASSOURA MECÂNICA REBOCÁVEL COM ESCOVA CILÍNDRICA, LARGURA ÚTIL DE VARRIMENTO DE 2,44 M (IMPRODUTIVO) | E11: h | F11: 0.004 | G11: 5.74 | H11: 0.02
A12: 3 | B12: ANP | C12: 41901 | D12: ASFALTO DILUIDO DE PETROLEO CM-30 (ACRESCIDO DE ICMS, PIS E COFINS) | E12: kg | F12: 1.2 | G12: 5.4577408 | H12: 6.55
A13: 4 | B13: SINAPI | C13: 83362 | D13: ESPARGIDOR DE ASFALTO PRESSURIZADO, TANQUE 6 M3 COM ISOLAÇÃO TÉRMICA, AQUECIDO COM 2 MAÇARICOS, COM BARRA ESPARGIDORA 3,60 M, MONTADO SOBRE CAMINHÃO TOCO, PBT 14.300 KG, POTÊNCIA 185 CV (PRODUTIVO) | E13: h | F13: 0.001 | G13: 277.77 | H13: 0.28
A14: 5 | B14: SINAPI | C14: 88316 | D14: SERVENTE COM ENCARGOS COMPLEMENTARES | E14: h | F14: 0.0058 | G14: 21.98 | H14: 0.13
A15: 6 | B15: SINAPI | C15: 89035 | D15: TRATOR DE PNEUS, POTÊNCIA 85 CV, TRAÇÃO 4X4, PESO COM LASTRO DE 4.675 KG (PRODUTIVO) | E15: h | F15: 0.0017 | G15: 143.36 | H15: 0.24
A16: 7 | B16: SINAPI | C16: 89036 | D16: TRATOR DE PNEUS, POTÊNCIA 85 CV, TRAÇÃO 4X4, PESO COM LASTRO DE 4.675 KG | E16: h | F16: 0.0041 | G16: 57.8 | H16: 0.24
A17: 8 | B17: SINAPI | C17: 91486 | D17: ESPARGIDOR DE ASFALTO PRESSURIZADO, TANQUE 6 M3 COM ISOLAÇÃO TÉRMICA, AQUECIDO COM 2 MAÇARICOS, COM BARRA ESPARGIDORA 3,60 M, MONTADO SOBRE CAMINHÃO TOCO, PBT 14.300 KG, POTÊNCIA 185 CV (IMPRODUTIVO) | E17: h | F17: 0.0049 | G17: 67.73 | H17: 0.33
A18: TOTAL DA COMPOSIÇÃO | H18: 7.81
A20: CP2 | B20: EXECUÇÃO DE PINTURA DE LIGAÇÃO
A21: Item | B21: Referência | D21: Seviços | E21: Und | F21: Quant | G21: Custo R$
G22: Unit. | H22: Total
A23: 1 | B23: SINAPI | C23: 5839 | D23: VASSOURA MECÂNICA REBOCÁVEL COM ESCOVA CILÍNDRICA, LARGURA ÚTIL DE VARRIMENTO DE 2,44 M (PRODUTIVO) | E23: CHP | F23: 0.002 | G23: 11.41 | H23: 0.02
A24: 2 | B24: SINAPI | C24: 5841 | D24: VASSOURA MECÂNICA REBOCÁVEL COM ESCOVA CILÍNDRICA, LARGURA ÚTIL DE VARRIMENTO DE 2,44 M (IMPRODUTIVO) | E24: CHI | F24: 0.004 | G24: 5.74 | H24: 0.02
A25: 3 | B25: ANP | C25: 41903 | D25: EMULSAO ASFALTICA CATIONICA RR-2C PARA USO EM PAVIMENTACAO ASFALTICA (COLETADO CAIXA NA ANP ACRESCIDO DE ICMS) | E25: kg | F25: 0.45 | G25: 3.4052323 | H25: 1.53
A26: 4 | B26: SINAPI | C26: 83362 | D26: ESPARGIDOR DE ASFALTO PRESSURIZADO, TANQUE 6 M3 COM ISOLAÇÃO TÉRMICA, AQUECIDO COM 2 MAÇARICOS, COM BARRA ESPARGIDORA 3,60 M, MONTADO SOBRE CAMINHÃO TOCO, PBT 14.300 KG, POTÊNCIA 185 CV | E26: CHP | F26: 0.0004 | G26: 277.77 | H26: 0.11
A27: 5 | B27: SINAPI | C27: 88316 | D27: SERVENTE COM ENCARGOS COMPLEMENTARES | E27: h | F27: 0.0055 | G27: 21.98 | H27: 0.12
A28: 6 | B28: SINAPI | C28: 89035 | D28: TRATOR DE PNEUS, POTÊNCIA 85 CV, TRAÇÃO 4X4, PESO COM LASTRO DE 4.675 KG | E28: CHP | F28: 0.0017 | G28: 143.36 | H28: 0.24
A29: 7 | B29: SINAPI | C29: 89036 | D29: TRATOR DE PNEUS, POTÊNCIA 85 CV, TRAÇÃO 4X4, PESO COM LASTRO DE 4.675 KG | E29: CHI | F29: 0.0038 | G29: 57.8 | H29: 0.21
A30: 8 | B30: SINAPI | C30: 91486 | D30: ESPARGIDOR DE ASFALTO PRESSURIZADO, TANQUE 6 M3 COM ISOLAÇÃO TÉRMICA, AQUECIDO COM 2 MAÇARICOS, COM BARRA ESPARGIDORA 3,60 M, MONTADO SOBRE CAMINHÃO TOCO, PBT 14.300 KG, POTÊNCIA 185 CV | E30: CHI | F30: 0.0051 | G30: 67.73 | H30: 0.34
A31: TOTAL DA COMPOSIÇÃO | H31: 2.59
A33: CP3 | B33: EXECUÇÃO DE DETALHE EM BASALTO 10X10cm, CALÇADA DE PASSEIO - Custo m²
A34: Item | B34: Referência | D34: Seviços | E34: Und | F34: Quant | G34: Custo R$
G35: Unit. | H35: Total
A36: 1 | B36: SINAPI | C36: 41068 | D36: CALCETEIRO | E36: h | F36: 1.5 | G36: 19.43 | H36: =G36*F36 -> 29.145
A37: 2 | B37: SINAPI | C37: 38546 | D37: ARGAMASSA USINADA AUTOADENSÁVEL, PARA CONTRA PISO, ESPESSURA DE 4cm | E37: m² | F37: 0.04 | G37: 589.22 | H37: =G37*F37 -> 23.5688
A38: 3 | B38: BASALTO SC | D38: REVESTIMENTO PARA CALÇADA EM PEDRA NATURAL DE BASALTO SERRADO 10cm X 10CM | E38: m² | F38: 1 | G38: 159 | H38: =G38*F38 -> 159
A39: 4 | B39: SINAPI | C39: 34357 | D39: REJUNTE CIMENTÍCIO | E39: KG | F39: 4 | G39: 4.69 | H39: =G39*F39 -> 18.76
A40: TOTAL DA COMPOSIÇÃO | H40: =H36+H37+H38+H39 -> 230.4738
A41: São Vendelino - RS, 03 de junho de 2026.
D44: EVERSON SERGIO KERBES
D45: CREA-RS 124.620

Sheet Memória de Cálculo
B7: Estado do Rio Grande do Sul
B8: MUNICÍPIO DE SÃO VENDELINO
B9: Planilha de Memória de Cálculo
C10: Proprietario: Prefeitura Municipal de São Vendelino, CNPJ.: 91.984.492/0001-52 | H10: Área a ser pavimentada:[m²] | I10: =L10*6.5+35.5 -> 1205.5 | J10: Extensão: [m] | L10: 180
C11: Obra: Pavimentação asfaltica MORRO CARRARD
C12: End. Interior, São Vendelino-RS
C13: Planilha DE MEMÓRIA DE CÁLCULO
B14: Item | C14: Descrição | D14: Und | E14: Quant.
B16: 1 | C16: SERVIÇOS PRELIMINARES
B17: 1.1 | C17: TOPÓGRAFO COM ENCARGOS SOCIAIS | D17: H | E17: 10 | F17: Marcação das larguras e estacas = 6h, Conformação das alturas da terraplenagem e inclinações trasversais = 4h
B18: 1.2 | C18: AUXILIAR DE TOPÓGRAFO COM ENCARGOS SOCIAIS | D18: H | E18: 10 | F18: Marcação das larguras e estacas = 6h, Conformação das alturas da terraplenagem e inclinações trasversais = 4h
B19: 1.3 | C19: FORNECIMENTO E INSTALAÇÃO DE PLACA DE OBRA COM CHAPA GALVANIZADA E ESTRUTURA DE MADEIRA - PADRÃO GOPVERNO FEDERAL - 300X200 | D19: m² | E19: 6 | F19: Placa de obra Padrão Governo Federal 3m de largura por 2m de altura, em chapa de aço galvanizada, fixa em estrutura de madeira, pilares de madeira
B20: 1.4 | C20: LIMPEZA DO TERRENO. REMOÇÃO MECANIZADA DA CAMADA DE VEGETAÇÃO, REMOÇÃO DE MATERIAL, NIVELAMENTO. | D20: m² | E20: =L10*2*1.5 -> 540 | F20: COMPRIMENTO * 1,5m * 1,5m (LIMPEZA DE 1,5m DE LARGURA NOS 2 LADOS DA VIA)
B22: 2 | C22: MOVIMENTAÇÃO DE TERRA
B23: 2.1 | C23: ESCAVAÇÃO DE GREIDE
B24: 2.1.1 | C24: ESCAVAÇÃO VERTICAL A CÉU ABERTO EM OBRAS DE INFRAESTRUTURA, INC. CARGA/DESCARGA E TRANSPORTE, EM SOLO DE 1ª CATEGORIA, C/ ESCAVADEIRA HIDRAULICA, DMT 2KM | D24: m³ | E24: =1244.7*0.7 -> 871.29 | F24: Retirado da Planta ST 01/01, Planilha de Corte e Aterro. Volume de Corte de Material de 1ª Categoria conforme levantamento técnico in loco. 70% do volume total a ser escavado
B25: 2.1.2 | C25: ESCAVAÇÃO MECANICA PAR ACERTO DE TALUDE, EM MATERIAL DE 2ª CATEGORIA, C/ ESCAVADEIRA HIDRAULICA, INC. CARGA, DESCARGA E TRANSPORTE, DTM ATÉ 200M | D25: m³ | E25: =1244.7*0.25 -> 311.175 | F25: Retirado da Planta ST 01/01, Planilha de Corte e Aterro. Volume de Corte de Material de 1ª Categoria conforme levantamento técnico in loco. 25% do volume total a ser escavado
B26: 2.1.3 | C26: DESMONTE DE MATERIAL DE 3ª CATEGORIA (BLOCOS DE ROCHA OU MATACOS) COM MARTELETE PNEUMÁTICO - EXCLUSIVE CARGA E TRANSPORTE | D26: m³ | E26: =1244.7*0.05 -> 62.235 | F26: Retirado da Planta ST 01/01, Planilha de Corte e Aterro. Volume de Corte de Material de 1ª Categoria conforme levantamento técnico in loco. 5% do volume total a ser escavado
B27: 2.1.4 | C27: CARGA, MANOBRA E DESCARGA DE SOLOS E MATERIAIS GRaNULARES (3ª CATEGORIA) EM CMINHÃO BASCULANTE 14m³ - EMPOLMENTO 30% | D27: m³ | E27: =E26*1.3 -> 80.9055 | F27: Carga, Manobra e Descarga, esses itens não estão incluidos no desmonte de material de 3ª Categoria. Volume da célula acima + 30% de Empolamento
B28: 2.1.5 | C28: TRASPORTE DO MATERIAL ESCAVADO COM CAMINHÃO BASCULANTE DE 14m³, EM VIA URBANA PAVIMENTADA, DMT 2KM (BOTA FORA PRÓXIMO) - material de 2ª categoria - Volume multiplicado pela DMT | D28: t * 2KM | E28: =E25*1.3*2 -> 809.055 | F28: Ítem 2.1.2, está incluso trasporte até DMT de 200m, Estima-se que conseguiremos local para Bota Fora a uma DMT de no máximo 2km. Volume do material = Volume do ítem 2.1.2 + 30% de Empolamento * 2 (DMT) * 1,6 (massa específica material escavado)
B29: 2.1.6 | C29: TRASPORTE DO MATERIAL ESCAVADO COM CAMINHÃO BASCULANTE DE 14m³, EM VIA URBANA PAVIMENTADA, DMT 2KM (BOTA FORA PRÓXIMO) - Volume multiplicado pela DMT - Material de 3ª Categoria | D29: t * 2KM | E29: =E26*1.3*2 -> 161.811 | F29: Ítem 2.1.3, não está incluso trasporte. Estima-se que conseguiremos local para Bota Fora a uma DMT de no máximo 2km. Volume do material = Volume do ítem 2.1.3 + 30% de Empolamento * 2 (DMT) * 1,6 (massa específica material escavado)
B30: 2.1.7 | C30: ESPALHAMENTO DE MATERIAL COM TRATOR ESTEIRA (30% Empolamento) | D30: m³ | E30: =(E24+E25+E26)*1.3 -> 1618.11 | F30: Espalhamento, Volume dos itens 2.1.1 + 2.1.2 + 2.1.3
B31: 2.2 | C31: REMOÇÃO DE SOLOS INADEQUADOS / REFORÇOO DO SUBLEITO
B32: 2.2.1 | C32: ESCAVAÇÃO VERTICAL A CÉU ABERTO EM OBRAS DE INFRAESTRUTURA, INC. CARGA/DESCARGA E TRANSPORTE, EM SOLO DE 1ª CATEGORIA, C/ ESCAVADEIRA HIDRAULICA, DMT 1KM | D32: m³ | E32: =(1.5+1.5)*0.5*L10 -> 270 | F32: Extensão da via * 1,5m * 0,50 * 2 - remoção de solos inadequados conforme Planta seção Tipo de Pavimentação STP 01/01
B33: 2.2.2 | C33: ESPALHAMENTO DE MATERIAL COM TRATOR ESTEIRA (30% Empolamento) | D33: m³ | E33: =E32*1.3 -> 351 | F33: Volume de escavação de solos inadequados + 30% Empolamento
B34: 2.2.3 | C34: REATERRO DE MATERIAL REMOVIDO, EXECUÇÃO E COMPACTAÇÃO DE BASE OU SUB BASE PARA PAVIMENTAÇÃO DE PEDRA RACHÃO - EXCLUSIVE CARGA E TRANSPORTE | D34: m³ | E34: =E32 -> 270 | F34: Reaterro do volume de material removido de solos inadequados, ítem 2.1.1
B35: 2.2.4 | C35: TRASPORTE DO RACHÃO COM CAMINHãO BASCULANTE DE 14m³, EM VIA URBANA PAVIMENTADA, DMT 26KM (PEDREIRA MAIS PRÁXIMA) - Volume multiplicado pela DMT | D35: t * 26KM | E35: =E34*1.3*26 -> 9126 | F35: Trasporte do material da linha acima + 30% de Empolamento. - Volume do material multiplicado por 26 (DMT) * 1,6 (massa específica material escavado)
B36: 2.3 | C36: ATERRO DE GREIDE
B37: 2.3.1 | C37: ATERRO DE GREIDE, EXECUÇÃO E COMPACTAÇÃO DE BASE OU SUB BASE DE PEDRA RACHÃO - EXCLUSIVE CARGA E TRASPORTE - Deslocamento de eixo para lado esquerdo | D37: m³ | E37: 208 | F37: Volume de aterro constante necessário para deslocamento do eixo para o lado esquerdo da via
B38: 2.3.2 | C38: TRASPORTE COM CAMINHãO BASCULANTE DE 14m³, EM VIA URBANA PAVIMENTADA, DTM 26KM (pedreira mais próxima) - Volume multiplicado pela DMT - Empolamento 30% | D38: t * 26KM | E38: =E37*1.3*26 -> 7030.4 | F38: Trasporte do material da linha acima + 30% de Empolamento. - Volume do material multiplicado por 26 (DMT) * 1,6 (massa específica material escavado)
B40: 3 | C40: PAVIMENTAÇÃO
B41: 3.1 | C41: REGULARIZAÇÃO E COMPACTAÇÃO DE SUBLEITO | D41: m² | E41: =(L10*7.96)+35.5 -> 1468.3 | F41: Extensão da via * 7,96 (Planta STP - Regularização) + 35,50 (Encaixe da rua)
B42: 3.2 | C42: SUB BASE RACHÃO, EXECUÇÃO E COMPACTAÇÃO DE BASE OU SUB BASE PARA PAVIMENTAÇÃO, ENCHIMENTO DE BRITA E CAMADA DE BLOQUEIO - E=17cm | D42: m³ | E42: =(L10*0.17*7.71)+(35.5*0.17) -> 241.961 | F42: Extensão da Via * 0,17m (espessira do rachão) * 7,71 (largura da faixa do raçhão = 7,71) + 35,5 * 0,17 (Encaixe da Rua)
B43: 3.3 | C43: TRASPORTE DO RACHÃO COM CAMINHÃO BASCULANTE DE 14m³, EM VIA URBANA PAVIMENTADA, DMT 26KM (PEDREIRA MAIS PRÓXIMA) - Volume multiplicado pela DMT | D43: t * 26KM | E43: =E42*1.3*26 -> 8178.2818 | F43: Trasporte do material da linha acima + 30% de Empolamento. - Volume do material multiplicado por 26 (DMT) * 1,6 (massa específica material escavado)
B44: 3.4 | C44: BASE DE BRITA GRADUADA, INCLISIVE COMPACTAÇÃO, E=15cm, EXCLUSIVE TRANSPORTE | D44: m³ | E44: =(L10*0.15*7.23)+(35.5*0.15) -> 200.535 | F44: Extensão da Via * 0,15m (espessura base de brita graduada) * 7,23 (largura da faixa da brita graduada = 7,23) + 35,5,00*0,15 (Encaixe Rua)
B45: 3.5 | C45: TRASPORTE BRITA GRADUADA CAMINHÃO BASCULANTE DE 14m³, EM VIA URBANA PAVIMENTADA, DMT 26KM (PEDREIRA MAIS PRÓXIMA) - Volume multiplicado prela DMT | D45: t * 26KM | E45: =E44*1.3*26 -> 6778.083 | F45: Trasporte do material da linha acima + 30% de Empolamento. - Volume do material multiplicado por 26 (DMT) * 1,6 (massa específica material escavado)
B46: 3.6 | C46: EXECUÇÃO DE IMPRIMAÇÃO DE BASE DE BRITA GRADUADA COM MATERIAL ASFÁLTICO | D46: m² | E46: =(L10*7)+35.5 -> 1295.5 | F46: Extensão da pavimentação * 7,m (imprimação, Planta STP 01/01) + 35,5m² (Encaixe Rua)
B47: 3.7 | C47: EXECUÇÃO DE PINTURA DE LIGAÇÃO | D47: m² | E47: =E46 -> 1295.5 | F47: Extensão da pavimentação * 6,5m (Pintura de ligação, Planta STP 01/01) + 35,65 (Encaixe Rua)
B48: 3.8 | C48: CONCRETO BETUMINOSO USINADO A QUENTE (CBUQ), CAP 50/70, E=5cm, EXCLUSIVE TRSPORTE | D48: t | E48: =(I10)*0.05*2.6 -> 156.715 | F48: Extensão da pavimentação * 6,5m (Pintura de ligação, Planta STP 01/01) * 0,05 (espessura do CBUQ) + 35,50 * 0,05 (Encaixe Rua) * 2,6 (DENSIDADE)
B49: 3.9 | C49: TRASPORTE DO CBUQ COM CAMINHÃO BASCULANTE DE 14m³, EM VIA URBANA PAVIMENTADA, DTM 26KM (PEDREIRA MAIS PRÓXIMA) - Volume multiplicado pela DMT | D49: t * 26KM | E49: =E48*26 -> 4074.59 | F49: Trasporte do material da linha acima. - Volume do material multiplicado por 26 (DMT)
B50: 3.10 | C50: RR-2C - SEM BDI - ACRESCIDO DE ICMS + PIS + COFINS + 26,25% - BDI 15% | D50: t | E50: =ROUND(E47*0.6/1000,2) -> 0.78 | F50: Área da Pintura de Ligação * Taxa de consumo 0,6 L/m²
B51: 3.11 | C51: CM-30 - SEM BDI - ACRESCIDO DE ICMS + PIS + COFINS + 26,25% - BDI 15% | D51: t | E51: =ROUND(E46*1.2/1000,2) -> 1.55 | F51: Área da Imprimação * Taxa de consumo 1,2 L/m²
B52: 3.12 | C52: CAP 50/70 - SEM BDI - ACRESCIDO DE ICMS + PIS + COFINS + 26,25% - BDI 15% | D52: t | E52: =ROUND(E48*0.06449,2) -> 10.11 | F52: Peso do CBUQ (3.8) * Teor de Betume 6%
B54: 4 | C54: DRENAGEM DE ÁGUAS PLUVIAIS E ENTRADAS MORADORES
B55: 4.1 | C55: ESCAVAÇÃO VERTICAL A CÉU ABERTO EM OBRAS DE INFRAESTRUTURA, INC. CARGA/DESCARGA E TRANSPORTE, EM SOLO DE 1ª CATEGORIA, C/ ESCAVADEIRA HIDRAULICA, DMT 2KM | D55: m³ | E55: =61*0.15 -> 9.15 | F55: Levantamento obtido do Projeto de Drenagem
B56: 4.2 | C56: ESCAVAÇÃO MECANICA PAR ACERTO DE TALUDE, EM MATERIAL DE 2ª CATEGORIA, C/ ESCAVADEIRA HIDRAULICA, INC. CARGA, DESCARGA E TRANSPORTE, DTM ATÉ 200M | D56: m³ | E56: =61*0.1 -> 6.1 | F56: Levantamento obtido do Projeto de Drenagem
B57: 4.3 | C57: DESMONTE DE MATERIAL DE 3ª CATEGORIA (BLOCOS DE ROCHA OU MATACOS) COM MARTELETE PNEUMÁTICO - EXCLUSIVE CARGA E TRANSPORTE | D57: m³ | E57: =61*0.4 -> 24.4 | F57: Levantamento obtido do Projeto de Drenagem
B58: 4.4 | C58: CARGA, MANOBRA E DESCARGA DE SOLOS E MATERIAIS GRaNULARES (3ª CATEGORIA) EM CMINHÃO BASCULANTE 14m³ - EMPOLMENTO 30% | D58: m³ | E58: =E57*1.3 -> 31.72 | F58: Volume do ítem 4.3, linha acima + 30% de empolamento
B59: 4.5 | C59: TRASPORTE DO MATERIAL ESCAVADO COM CAMINHÃO BASCULANTE DE 14m³, EM VIA URBANA PAVIMENTADA, DMT 2KM (BOTA FORA PRÓXIMO) - material de 2ª categoria - Volume multiplicado pela DMT | D59: t * 2KM | E59: =E56*1.3*2 -> 15.86 | F59: Volume do ítem 4.2, + 30% de empolamento. Volume multiplicado por 2 (DMT) * 1,6 (massa específica material escavado)
B60: 4.6 | C60: TRASPORTE DO MATERIAL ESCAVADO COM CAMINHÃO BASCULANTE DE 14m³, EM VIA URBANA PAVIMENTADA, DMT 2KM (BOTA FORA PRÓXIMO) - Volume multiplicado pela DMT - Material de 3ª Categoria | D60: t * 2KM | E60: =E57*1.3*2 -> 63.44 | F60: Volume do ítem 4.3, + 30% de empolamento. Volume multiplicado por 2 (DMT) * 1,6 (massa específica material escavado)
B61: 4.7 | C61: TUBO DE CONCRETO ARMADO - PA1 - PARA REDES COLETORAS DE ESGOTO PLUVIAL, DN 400mm, JUNTA ELÁSTICA, INSTALADO EM LOCAL COM BAIXO NÍVEL DE INTERFERÊNCIA - FORNECIMENTO E ASSENTAMENTO | D61: m | E61: =11+16 -> 27 | F61: Conforme Projeto Drenagem, Prancha DRE-01/01
B62: 4.8 | C62: TUBO DE CONCRETO PARA REDE DE COLETA DE ÁGUAS PLUVIAIS, DIAMENTRO 800mm PA2, FORNECIMENTO E ASSENTAMENTO | D62: m | E62: 10 | F62: Conforme Projeto Drenagem, Prancha DRE-01/01
B63: 4.9 | C63: TESTADA DE BUEIRO ø 400 - ALVENARIA DE EMBASAMENTO COM BLOCOS ESTRUTURAIS DE CONCRETO MACIÇOS, ASSENTADO COM ARGAMASSA PROEPARO EM BETONEIRA - 60X60X25 - 4 UNIDADES | D63: m³ | E63: =0.6*0.6*2*0.25*2 -> 0.36 | F63: 0,60 X 0,60 X 0,25 X 4- Comprimento * altura * espessura * 4 unidades
B64: 4.10 | C64: ALA PARA BOCA DE BUEIRO ø 800 - ALVENARIA DE EMBASAMENTO COM BLOCOS ESTRUTURAIS DE CONCRETO MACIÇOS, ASSENTADO COM ARGAMASSA PROEPARO EM BETONEIRA - 220X100X25 - 2 UNIDADES | D64: m³ | E64: =2.2*1*0.25*2 -> 1.1 | F64: [0,60X1,0 (aba 1) + 1,0X1,0 (central encaixe tubo) + 0,60X01,0 (aba 2)] * 0,25 (espessura da parede) * 2 unidades
B65: 4.11 | C65: ESPALHAMENTO DE MATERIAL COM TRATOR ESTEIRA EM BOTA FORA | D65: m³ | E65: =E55+E56+E57 -> 39.65 | F65: Somatório dos Volumes dos itens 4.1 + 4.2 + 4.3
B66: 4.12 | C66: REATERRO MECANIZADO DE VALA COM SOLO DE 1ª CATEGORIA | D66: m³ | E66: =E55+E56+E57 -> 39.65 | F66: Somatório dos Volumes dos itens 4.1 + 4.2 + 4.3
B68: 5 | C68: SINALIZAÇÃO VIÁRIA
B69: 5.1 | C69: PINTURA DE EIXO VIÁRIO E BORDAS, COM TINTA RETROREFLETIVA, EIXO SIMPLES COM 15cm DE LARGURA E BORDAS COM 12cm DE LARGURA | D69: m² | E69: =Orcamento!E79 -> 52.779 | F69: Extensão da via * 2 * 0,12 (2 BORDOS) + Extensão * 0,15
B70: 5.2 | C70: FORNECIMENTO E IPLANTAÇÃO DE PLACA DE REGULAMENTAÇÃO EM AÇO, R-1, SEXTAVADA, LADOS 35cm - PARE | D70: UN | E70: 1 | F70: Levantamento obtido do Projeto de Sinalização - Prancha SIN - 01/01 - 1 Placa de PARE
B71: 5.3 | C71: FORNECIMENTO E IPLANTAÇÃO DE PLACA DE REGULAMENTAÇÃO EM AÇO, d=60cm, R-7, PROIBIDO ULTRAPASSAR | D71: UN | E71: 1 | F71: Levantamento obtido do Projeto de Sinalização - Prancha SIN - 01/01 - 1 Placa de PROIBIDO ULTRAPASSAR
B72: 5.4 | C72: SUPORTE METÁLICO GALVANIZADO PARA PLACA DE REGULAMENTAÇÃO | D72: UN | E72: =E70+E71 -> 2 | F72: Levantamento obtido do Projeto de Sinalização - Prancha SIN - 01/01 - 2 Placas
C76: São Vendelino - RS, 08 de janeiro de 2026.
D79: EVERSON SERGIO KERBES
D80: CREA-RS 124.620
